Map: Post-Youth LE

Players

Lambo

  • Race: Zerg Zerg
  • League: Grandmaster
  • Spawn Location: 1:00

LiquidClem (Clem) - Winner!

  • Race: Terran Terran
  • League: Grandmaster
  • Spawn Location: 7:00

VOD

Have the link to the VOD?

Description

Time

  • Played on: June 15, 2024, 11:31 a.m.
  • Length: 7:56
Show
View Real Time Build Order
Export as new Build Order

Lambo Zerg 

Build Orders: Hatch First 

Get SALT Encoding   

  12  0:00  Drone  
  13  0:14  Overlord  
  13  0:17  Drone  
  14  0:32  Drone x2  
  16  0:49  Hatchery  
  15  0:52  Drone  
  15  0:56  Drone  
  17  0:59  Drone  
  18  1:11  Extractor  
  18  1:14  Spawning Pool  
  18  1:18  Drone  
  17  1:21  Drone  
  18  1:29  Drone  
  19  1:42  Drone  
  20  1:52  Drone  
  21  2:01  Queen x2  
  21  2:02  Zergling x4  
  27  2:12  Drone  
  27  2:13  Overlord  
  28  2:25  Drone, Hatchery  
  28  2:33  Drone x3  
  28  2:36  Extractor  
  29  2:41  Queen  
  32  2:50  Overlord  
  32  2:54  Metabolic Boost  
  32  2:55  Drone x2  
  32  2:56  Drone  
  35  3:08  Queen  
  35  3:11  Drone x4  
  41  3:14  Drone  
  41  3:19  Drone  
  43  3:25  Overlord  
  43  3:31  Overlord  
  43  3:36  Queen  
  43  3:37  Queen  
  43  3:39  Drone x3  
  50  3:43  Drone  
  50  3:47  Zergling x2  
  50  3:48  Zergling x4  
  54  3:49  Queen  
  56  3:56  Evolution Chamber  
  56  4:00  Drone x3  
  59  4:07  Overlord  
  59  4:08  Drone x2  
  61  4:15  Zergling x2  
  62  4:18  Drone x2, Evolution Chamber  
  62  4:22  Evolution Chamber, Overlord, Extractor  
  61  4:25  Queen  
  61  4:26  Drone x4  
  61  4:28  Zergling x2  
  68  4:33  Zergling x2  
  68  4:35  Drone  
  70  4:39  Drone  
  70  4:41  Drone  
  70  4:45  Spore Crawler x2  
  70  4:46  Spore Crawler, Hatchery  
  70  4:49  Drone x2  
  70  4:51  Drone x2  
  71  4:53  Zergling x2  
  71  4:56  Drone x4, Evolution Chamber  
  77  5:03  Zerg Ground Armor Level 1  
  77  5:07  Zerg Melee Weapons Level 1  
  77  5:09  Drone x4  
  77  5:12  Drone  
  80  5:14  Zergling x4  
  79  5:24  Drone x3  
  79  5:26  Drone  
  75  5:36  Hatchery  
  75  5:37  Hatchery  
  75  5:40  Drone x3  
  74  5:43  Extractor  
  74  5:45  Lair  
  74  5:46  Drone x2  
  74  5:48  Queen  
  77  5:51  Baneling Nest  
  77  5:55  Drone  
  77  6:00  Drone x5  
  82  6:04  Overlord  
  82  6:05  Extractor  
  82  6:11  Zergling x2  
  82  6:12  Overlord  
  82  6:23  Zergling x14  
  89  6:36  Zergling x18  
  98  6:41  Overlord  
  98  6:45  Zergling x4  
  95  6:47  Zergling x4  
  95  6:53  Zergling x8  
  100  6:59  Zergling x2  
  100  7:00  Zergling x10  
  104  7:03  Drone x6  
  104  7:05  Drone x2  
  112  7:10  Zergling x4  
  114  7:16  Overlord x2  
  114  7:17  Overlord  
  114  7:19  Baneling x5  
  114  7:20  Overlord  
  114  7:21  Overlord  
  114  7:23  Overlord  
  114  7:27  Zergling x4  
  114  7:28  Overlord  
  109  7:30  Overlord  
  109  7:32  Baneling x6  
  109  7:33  Zergling x6  
  105  7:38  Zergling x14  
Show
View Real Time Build Order
Export as new Build Order

LiquidClem Terran - Winner!

Build Orders: Liberator Opening, Reaper Expand 

Get SALT Encoding   

  12  0:00  SCV  
  13  0:12  SCV  
  14  0:17  Supply Depot  
  14  0:24  SCV  
  15  0:38  SCV  
  15  0:39  Barracks  
  16  0:44  Refinery  
  16  0:50  SCV  
  17  1:03  SCV  
  18  1:15  SCV  
  19  1:26  Reaper  
  19  1:27  Orbital Command  
  20  1:40  Command Center  
  20  1:48  Supply Depot  
  20  1:53  SCV  
  21  1:58  Marine  
  22  2:05  SCV  
  23  2:11  Factory  
  23  2:17  SCV  
  23  2:20  Barracks Reactor  
  24  2:29  SCV  
  25  2:41  SCV  
  26  2:44  Command Center  
  26  2:53  SCV  
  27  2:59  Starport  
  27  3:00  Orbital Command  
  29  3:05  SCV  
  29  3:06  Hellion  
  29  3:10  Hellion  
  32  3:17  Refinery  
  32  3:18  SCV  
  32  3:19  Marine  
  34  3:26  SCV  
  35  3:28  Hellion  
  35  3:30  SCV  
  35  3:32  Hellion  
  40  3:38  SCV  
  41  3:42  SCV  
  41  3:44  Liberator  
  45  3:50  SCV  
  45  3:53  Barracks Tech Lab  
  46  3:56  Hellion x2, SCV, Orbital Command  
  46  4:02  SCV  
  52  4:08  SCV  
  53  4:10  Barracks  
  53  4:11  Barracks  
  53  4:14  Marine, Stimpack  
  53  4:15  SCV  
  55  4:20  SCV, Refinery  
  55  4:21  Refinery  
  57  4:24  SCV  
  57  4:27  SCV  
  58  4:32  Factory Tech Lab, SCV  
  58  4:35  Starport Reactor  
  60  4:38  Marine  
  60  4:39  Engineering Bay  
  60  4:41  Engineering Bay  
  60  4:45  SCV  
  61  4:48  Supply Depot  
  61  4:49  Orbital Command  
  61  4:57  Barracks  
  61  4:58  Barracks  
  61  5:07  Supply Depot  
  61  5:09  Marine, Terran Infantry Armor Level 1, SCV x2, Siege Tank, Terran Infantry Weapons Level 1  
  67  5:15  Marine x2  
  69  5:22  Starport Reactor  
  69  5:23  SCV x2  
  69  5:24  Marine, SCV  
  69  5:27  Marine  
  63  5:28  Marine  
  63  5:31  Supply Depot  
  63  5:33  Marine x2  
  64  5:36  SCV x3  
  64  5:40  Supply Depot  
  64  5:41  Siege Tank  
  64  5:42  Marine  
  71  5:45  Barracks Reactor  
  71  5:46  Barracks Reactor  
  71  5:48  SCV x2  
  71  5:49  SCV  
  74  5:51  Refinery  
  74  5:53  Marine x2, Combat Shield  
  74  5:54  Marine, Supply Depot  
  74  5:55  Marine  
  78  6:00  Marine, SCV x2  
  78  6:01  SCV  
  78  6:02  Supply Depot  
  82  6:04  Medivac  
  82  6:10  Medivac  
  82  6:11  Marine x2  
  86  6:12  Marine, SCV x2  
  86  6:13  SCV  
  86  6:15  Supply Depot  
  92  6:20  Marine x2  
  92  6:22  Factory  
  92  6:24  SCV x2  
  96  6:25  Armory  
  96  6:27  Marine, SCV  
  96  6:28  Marine  
  96  6:29  Marine x2  
  96  6:30  Marine  
  96  6:31  Marine  
  103  6:35  Marine, Supply Depot  
  103  6:37  Marine  
  103  6:39  Siege Tank  
  108  6:44  Marine, Supply Depot  
  108  6:45  Marine  
  108  6:46  Marine, Medivac  
  113  6:51  Medivac  
  113  6:52  Marine  
  116  6:58  Marine  
  116  6:59  Marine  
  116  7:00  Command Center  
  118  7:05  Marine x3, Supply Depot  
  118  7:07  Marine  
  118  7:08  Marine  
  123  7:09  SCV  
  123  7:11  Factory Reactor  
  123  7:15  Marine x2  
  124  7:16  Marine  
  124  7:18  Widow Mine  
  124  7:20  Supply Depot  
  129  7:28  Marine  
  129  7:29  Marine x3  
  139  7:46  Supply Depot  
  139  7:48  Supply Depot  
  139  7:49  Refinery  
Tags
 
Add a new tag
Caveats
  • Supply blocks, unpowered buildings, or Contaminate may cause inaccurate times.
  • Supply counts are checked every 10 seconds.